 Dungeon Crawl Stone Soup version 0.30.0-5-g1a98f26d00 (webtiles) character file.

Game seed: 186760763219889620

47 hogiebunz the Shooter (level 3, 0/22 HPs)
             Began as a Kobold Hunter on May 12, 2023.
             Slain by a gnoll
             ... wielding a +0 halberd
              (13 damage)
             ... on level 2 of the Dungeon.
             The game lasted 00:01:32 (1209 turns).

hogiebunz the Shooter (Kobold Hunter)               Turns: 1209, Time: 00:01:32

Health: 0/22       AC:  5    Str:  8    XL:     3   Next: 97%
Magic:  3/3        EV: 15    Int: 10    God:
Gold:   89         SH:  0    Dex: 20    Spells: 2/2 levels left

rFire   . . .        a - +0 shortbow
rCold   . . .        (shield currently unavailable)
rNeg    . . .        c - +0 leather armour
rPois   .            (no helmet)
rElec   .            d - +0 cloak
rCorr   .            (no gloves)
SInv    .            e - +0 pair of boots
Will    .....        (no amulet)
Stlth   +++          (no ring)
HPRegen 0.23/turn    (no ring)
MPRegen 0.08/turn

%: no passive effects
@: no status effects
A: small, no large weapons, nightstalker 3
a: no special abilities


You were on level 2 of the Dungeon.
You visited 1 branch of the dungeon, and saw 2 of its levels.

You collected 89 gold pieces.

Inventory:

Hand Weapons
 a - a +0 shortbow (weapon)
Armour
 c - a +0 leather armour (worn)
 d - a +0 cloak (worn)
 e - a +0 pair of boots (worn)
Scrolls
 b - a scroll of immolation
 f - 2 scrolls of identify
 g - a scroll of amnesia {unknown}
Potions
 h - a potion of berserk rage


   Skills:
 + Level 2.7 Fighting
 * Level 6.0 Ranged Weapons
 + Level 3.0 Dodging
 + Level 2.4 Stealth


You had 2 spell levels left.
You didn't know any spells.
Your spell library was empty.

Dungeon Overview and Level Annotations

Branches:
Dungeon (2/15)

Altars:

Annotations:
D:2 Natasha


Innate Abilities, Weirdness & Mutations

You are small and have problems with some larger weapons.
You are completely attuned to the shadows.


Message History

A gnoll comes into view. It is wielding a +0 whip.
The gnoll shouts!
You hear a shout! x2
A gnoll comes into view. It is wielding a +0 club.
A goblin comes into view. It is wielding a +0 club.
You shoot an arrow. The arrow hits the gnoll.
The gnoll is moderately wounded.
An endoplasm comes into view.
Natasha, Servant of Life and Death comes into view.
A gnoll comes into view. It is wielding a +0 halberd.
Unknown command.
The goblin attacks as you move away! The goblin hits you but does no damage.
You shoot an arrow. The arrow hits the goblin.
The goblin is heavily wounded.
The goblin closely misses you.
You shoot an arrow. The arrow hits the goblin.
The goblin is severely wounded.
The goblin closely misses you.
You shoot an arrow. The arrow hits the goblin.
You kill the goblin!
You shoot an arrow. The arrow barely misses the gnoll.
The arrow hits the gnoll.
The gnoll is moderately wounded.
The gnoll closely misses you. The gnoll barely misses you. x2
The gnoll closely misses you.
You shoot an arrow. The arrow hits the gnoll.
The gnoll is heavily wounded.
The gnoll hits you with a +0 whip. The gnoll barely misses you.
You shoot an arrow. The arrow hits the gnoll.
The gnoll is almost dead.
The gnoll barely misses you. The gnoll closely misses you.
You shoot an arrow. The arrow barely misses the gnoll.
The arrow hits the gnoll but does no damage.
The gnoll is moderately wounded.
The gnoll hits you with a +0 whip! The gnoll closely misses you.
You shoot an arrow. The arrow hits the gnoll!
You kill the gnoll!
The gnoll barely misses you.
The gnoll hits you from afar with a +0 halberd!
Ouch! That really hurt!
You die...

#.##........
#.......#
#.####.## #
#.# #.#
#.#####.#
#.#
#.......#
#.#
####.####
#.#
######.####
#.##########
#..........
#..@)gJh...#
#.####.####
#########J..
#.# #.# ..
#.# #.# h
#.####.#
......
#.#### #.#
#..


You could see Natasha, a gnoll and an endoplasm.

Vanquished Creatures
  Natasha (D:2)
  A gnoll (D:2)
  2 bats (D:1)
  An endoplasm (D:1)
  5 giant cockroaches (D:1)
  A hobgoblin (D:1)
  2 kobolds (D:1)
  2 ball pythons (D:1)
  A frilled lizard (D:1)
  4 goblins
20 creatures vanquished.

Notes
Turn   | Place    | Note
-------+----------+-------------------------------------------
     0 | D:1      | hogiebunz the Kobold Hunter began the quest for the Orb.
     0 | D:1      | Reached XP level 1. HP: 12/12 MP: 1/1
   190 | D:1      | Reached XP level 2. HP: 18/18 MP: 2/2
   752 | D:1      | Reached XP level 3. HP: 22/22 MP: 3/3
  1164 | D:2      | Noticed Natasha
  1171 | D:2      | Killed Natasha
  1172 | D:2      | Reached skill level 6 in Ranged Weapons
  1197 | D:2      | Noticed Natasha
  1209 | D:2      | Slain by a gnoll

Illustrated notes

Levels and vault maps discovered:
D:1:      lightli_arrival_boilingwater, layout_basic
D:2:      layout_loops_ring, uniq_natasha

Skill      XL: |  1  2  3 |
---------------+----------+-----
Stealth        | 2 |  2.4
Ranged Weapons | 6 |  6.0
Dodging        | 3 |  3.0
Fighting       | |  2.7

Action                     || total
---------------------------++-------
   Fire: Shortbow          ||    54
    Use: Scroll            ||     2
 Armour: Leather armour    ||     8
  Dodge: Dodged            ||    22
